 Dungeon Crawl Stone Soup version 0.31-a0-150-g89dc3ad700 (webtiles) character file.

Game seed: 18400521537303584682

79 qw the Shooter (level 4, -8/38 HPs)
             Began as a Minotaur Hunter on June 8, 2023.
             Killed by divine providence
             ... invoked by an orc priest
              (12 damage)
             ... on level 3 of the Dungeon.
             The game lasted 00:00:34 (1520 turns).

qw the Shooter (Minotaur Hunter)                    Turns: 1520, Time: 00:00:35

Health: -8/38      AC:  6    Str: 16    XL:     4   Next: 16%
Magic:  3/3        EV: 11    Int:  6    God:
Gold:   52         SH:  0    Dex: 15    Spells: 3/3 levels left

rFire   . . .        Y - +0 shortbow (flame)
rCold   . . .        (shield currently unavailable)
rNeg    . . .        k - +0 ring mail
rPois   .            (helmet restricted)
rElec   .            (no cloak)
rCorr   .            b - +0 pair of gloves
SInv    .            (no boots)
Will    .....        (no amulet)
Stlth   +            (no ring)
HPRegen 0.26/turn    (no ring)
MPRegen 0.08/turn

%: no passive effects
@: about to teleport, slowed, very slow
A: horns 2, retaliatory headbutt
a: no special abilities


You were on level 3 of the Dungeon.
You visited 1 branch of the dungeon, and saw 3 of its levels.

You collected 52 gold pieces.


Innate Abilities, Weirdness & Mutations

You have a pair of horns on your head.
You reflexively headbutt those who attack you in melee.


   Skills:
 - Level 3.0 Fighting
 + Level 5.7 Ranged Weapons
 - Level 1.9 Armour
 - Level 2.1 Dodging
 - Level 0.7 Stealth


You had 3 spell levels left.
You didn't know any spells.
Your spell library was empty.

Inventory:

Hand Weapons
 Y - a +0 shortbow of flaming (weapon)
Armour
 b - a +0 pair of gloves (worn)
 k - a +0 ring mail (worn)
Potions
 a - a potion of heal wounds {unknown}
 d - a potion of invisibility {unknown}
 h - a potion of mutation {unknown}
 j - a potion of lignification {unknown}

Dungeon Overview and Level Annotations

Branches:
Dungeon (3/15)

Altars:


Message History

Natasha stares at you and mumbles some strange words.
The magic dart hits you!
The cerulean imp hits you but does no damage. x2
You shoot an arrow.
The arrow hits Natasha but does no damage.
Natasha is severely wounded.
Natasha barely misses you.
An orc priest comes into view. It is wielding a +0 short sword.
The cerulean imp closely misses you.
The cerulean imp hits you from afar with a +0 spear.
Natasha claws you. The orc priest closely misses you.
You shoot an arrow. The arrow closely misses Natasha.
The arrow barely misses the orc.
The arrow hits the orc priest but does no damage.
The cerulean imp hits you from afar with a +0 spear.
The cerulean imp barely misses you. Natasha barely misses you.
You furiously retaliate!
You headbutt Natasha!
You kill Natasha!
Natasha yowls pathetically as she dies!
The cerulean imp disappears in a puff of smoke! x2
The orc priest looks satisfied for a moment.
The orc priest hits you with a +0 club. x2; The orc throws a boomerang.
The boomerang hits you.
Your Armour skill increases to level 1!
You have reached level 4!
You feel stronger.
You shoot an arrow. The arrow hits the orc priest!
The arrow burns the orc priest.
The orc priest is almost dead.
The orc priest mumbles some strange prayers to Beogh against you.
Pain shoots through your body!
An orc comes into view. It is wielding a +0 hand axe.
The orc priest hits you with a +0 club.
The orc priest looks braver for a moment.
1520 ||| READING scroll of teleportation.
As you read the scroll of teleportation, it crumbles to dust.
You feel strangely unstable.
The orc shouts!
The orc priest invokes the aid of Beogh against you.
Beogh smites you!
You die...

####### ......#
###### ......#
.....####......#
#....<...(..#
####...#.......#
...#....####......#
>......o@# #...#.#
.......¤oo# ##.# #
........)..# .#
..#...¤.¤..# . .
##....o... .
##.....#..
#...o.....
...........


You could see 2 orc priests and 3 orcs.

Vanquished Creatures
  Natasha (D:3)
  An adder (D:2)
  A worm (D:2)
  2 dart slugs (D:2)
  4 ball pythons (D:1)
  3 endoplasms (D:2)
  2 giant cockroaches (D:1)
  3 goblins
  6 hobgoblins
  A quokka (D:1)
  5 bats
  3 frilled lizards (D:1)
  3 kobolds
  2 rats
37 creatures vanquished.

Notes
Turn   | Place    | Note
-------+----------+-------------------------------------------
     0 | D:1      | qw the Minotaur Hunter began the quest for the Orb.
     0 | D:1      | Reached XP level 1. HP: 18/18 MP: 0/0
     0 | D:1      | 0 ||| qw: Version: 0.2-a-119-g7aa9181
     0 | D:1      | 0 ||| qw: Game counter: 2752
     0 | D:1      | 0 ||| qw: Always use a shield: true
     0 | D:1      | 0 ||| qw: God list: Okawaru
     0 | D:1      | 0 ||| qw: Allow faded altars: false
     0 | D:1      | 0 ||| qw: Do Orc after D:15 true
     0 | D:1      | 0 ||| qw: Do second Lair branch before Depths: true
     0 | D:1      | 0 ||| qw: Lair rune preference: random
     0 | D:1      | 0 ||| qw: Plans: Normal
     0 | D:1      | 0 ||| PLANNING D:1-11
   256 | D:1      | Reached XP level 2. HP: 25/25 MP: 1/1
   336 | D:1      | Reached skill level 5 in Ranged Weapons
   578 | D:1      | Reached skill level 3 in Fighting
   932 | D:1      | 932 ||| DROPPING ring of wizardry.
   933 | D:1      | 933 ||| READING scroll labelled JUYDUL ARCHU.
   934 | D:1      | 934 ||| READING scroll labelled WIKHOTHR EWOZ.
   935 | D:1      | 935 ||| READING 3 scrolls labelled JIWKOJ NADD.
   936 | D:1      | 936 ||| READING scroll labelled KURREV NIXTEH.
   940 | D:1      | 940 ||| READING 2 scrolls labelled XOUTEQ WACSONUR.
   941 | D:1      | 941 ||| DRINKING 2 fizzy blue potions.
  1046 | D:1      | 1046 ||| DROPPING scroll of butterflies.
  1047 | D:1      | 1047 ||| DROPPING potion of berserk rage.
  1048 | D:1      | 1048 ||| DROPPING 2 scrolls of poison.
  1049 | D:1      | 1049 ||| DROPPING scroll of fog.
  1144 | D:2      | Reached XP level 3. HP: 31/31 MP: 2/2
  1464 | D:2      | 1464 ||| UPGRADING to +0 pair of gloves.
  1469 | D:2      | 1469 ||| UPGRADING to +0 ring mail.
  1479 | D:2      | 1479 ||| DROPPING +0 leather armour.
  1480 | D:2      | 1480 ||| READING scroll labelled VUECWO KYBRUFF.
  1481 | D:2      | 1481 ||| READING scroll labelled FUDGHI GAIRUUHOAJ.
  1482 | D:2      | 1482 ||| READING scroll labelled NEWUDY VUINU.
  1509 | D:3      | Noticed Natasha
  1518 | D:3      | Killed Natasha
  1519 | D:3      | Reached skill level 1 in Armour
  1519 | D:3      | Reached XP level 4. HP: 11/38 MP: 3/3
  1519 | D:3      | HP: 7/38 [orc priest/nerve-wracking pain (4)]
  1520 | D:3      | 1520 ||| READING scroll of teleportation.
  1520 | D:3      | Killed from afar by an orc priest

Levels and vault maps discovered:
D:1:      minmay_arrival_diagonal_passages, layout_loops_corners
D:2:      layout_rooms, minmay_splitting_lines
D:3:      layout_rooms, serial_shops, shop_statue, minmay_diced_spiral,
          uniq_natasha, uniq_robin

Skill      XL: |  1  2  3 |
---------------+----------+-----
Ranged Weapons | 5 |  5.7
Fighting       | 3 |  3.0
Armour         | 1 |  1.9
Dodging        | |  2.1
Stealth        | |  0.7

Action                     |  1- 3 |  4- 6 || total
---------------------------+-------+-------++-------
   Fire: Shortbow          |   102 |     1 ||   103
    Use: Scroll            |     8 |     1 ||     9
         Potion            |     1 |       ||     1
 Armour: Leather armour    |     2 |       ||     2
         Ring mail         |     3 |       ||     3
  Dodge: Dodged            |    29 |       ||    29

Table legend:
 A = Non-vault XP
 B = Vault XP
 C = Vault XP percentage of total XP
 D = Non-vault monster count
 E = Vault monster count
 F = Vault count percentage of total count
                 A         B        C        D         E       F
            +---------+---------+-------+---------+---------+-------
      Total |      78 |      35 |  31.0 |      36 |       1 |   2.7
            +---------+---------+-------+---------+---------+-------
        D:1 |      34 |       0 |   0.0 |      22 |       0 |   0.0
        D:2 |      42 |       0 |   0.0 |      12 |       0 |   0.0
        D:3 |       2 |      35 |  94.6 |       2 |       1 |  33.3
            +---------+---------+-------+---------+---------+-------
